 Dungeon Sprint DCSS version 0.29-a0-356-g7bc237e783 (webtiles) character file.

Game seed: 2356789587022384927

1000000 Zeldest the Shield-Bearer (level 1, -34/18 HPs)
             Began as a Formicid Fighter on Apr 25, 2022.
             Annihilated by a meat berserker
             ... wielding a +9 battleaxe
              (52 damage)
             ... in the Dungeon (Sprint VIII: "Arena of Blood").
             The game lasted 00:00:09 (10 turns).

Zeldest the Shield-Bearer (Formicid Fighter)          Turns: 10, Time: 00:00:10

Health: -34/18     AC:  6    Str: 20    XL:     1   Next: 0%
Magic:  1/1        EV:  9    Int:  7    God:
Gold:   0          SH:  4    Dex: 10    Spells: 0/0 levels left

rFire   . . .      SeeInvis +   h - +∞ Axe of Woe
rCold   . . .      Faith    .   c - +0 buckler
rNeg    . . .      Spirit   .   b - +0 scale mail
rPois   .          Reflect  .   (helmet unavailable)
rElec   .          Harm     .   (no cloak)
rCorr   .          Rampage  .   (no gloves)
Will    .....                   (no boots)
Stlth   ..........              (no amulet)
HPRegen 0.06/turn               (no ring)
MPRegen 0.07/turn               (no ring)

@: no status effects
A: permanent stasis, dig shafts and tunnels, antennae 3, four strong arms
a: Dig


You were in the Dungeon.
You visited 1 branch

Inventory:

Hand Weapons
 a - a +0 war axe
 h - the +∞ Axe of Woe (weapon)
   (You found it in the Dungeon)
Armour
 b - a +0 scale mail (worn)
 c - a +0 buckler (worn)
Potions
 d - a potion of might
 e - a potion of curing
 f - a potion of heal wounds
 g - 2 potions of magic


   Skills:
 + Level 3.2 Fighting
 + Level 2.0 Axes
 + Level 3.2 Armour
 + Level 3.6 Shields


You couldn't memorise any spells.
You didn't know any spells.
Your spell library was empty.

Dungeon Overview and Level Annotations

Branches:
Dungeon (1/1)

Altars:
Makhleb


Innate Abilities, Weirdness & Mutations

You cannot be hasted, slowed, berserked, paralysed or teleported.
You can dig through walls and to a lower floor.
You have a pair of large antennae on your head. (SInv)
Your four strong arms can wield two-handed weapons with a shield.


Message History

The bag of meat shouts!
You hear a shout! x5
A bag of meat comes into view. It is wielding a +9 war axe. x2
You hear a shout! x2
You hear a shout! x8
A bag of meat comes into view. It is wielding a +9 war axe.
You hear a shout! x6
The bag of meat shouts!
You hear a shout! x5
A bag of meat comes into view. It is wielding a +9 war axe.
The meat berserker appears out of thin air!
A meat berserker comes into view. It is wielding a +9 battleaxe.
The bag of meat shouts!
The meat berserker shouts!
You hear a shout! x2
A meat berserker comes into view. It is wielding a +9 battleaxe.
You hear a shout! x4
A bag of meat comes into view. It is wielding a +9 war axe.
You hear a shout! x8
The bag of meat moves out of view.
A meat berserker comes into view.
It is wielding a +9 battleaxe. 3 bags of meat come into view.
The bag of meat shouts! x2; You hear a shout! x4
A bag of meat comes into view. It is wielding a +9 war axe. x3
The bag of meat moves out of view.
A meat berserker comes into view. It is wielding a +9 battleaxe.
The bag of meat shouts! x2; You hear a shout! x2
The meat berserker rages.
You hear a shout! x2
A bag of meat comes into view. It is wielding a +9 war axe.
You hear a shout!
A bag of meat comes into view. It is wielding a +9 war axe.
You hear a shout! x4
A large bag of meat comes into view. It is wielding a +9 giant spiked club.
The bag of meat shouts!
You hear a shout! x5
A bag of meat comes into view. It is wielding a +9 war axe.
You slash the meat berserker!
You slaughter the meat berserker joyfully.
You kill the meat berserker!
You hear a shout! x8
A bag of meat comes into view. It is wielding a +9 war axe.
The meat berserker hits you with a +9 battleaxe!!!
Ouch! That really hurt!
You die...

.......#.....#
...o......#_.<._#
..#.......#..{..#..
....#.......O_......
.....o......###......
.......###.......###.
.........#.......#{
.........#o......# {
#......@.O.o......
.#.#...O.oo.......
#..O............
#.#...o.o.......o
#.#.o..o#........#
......o..oo......#
..O.o..##.#.......
#o..... .o.......


You could see a large bag of meat (inner flame), 3 meat berserkers and 16 bags
of meat.

Vanquished Creatures
  An ogre (D)
1 creature vanquished.

Notes
Turn   | Place    | Note
-------+----------+-------------------------------------------
     0 | D        | Found the +∞ Axe of Woe
     0 | D        | Zeldest the Formicid Fighter began the quest for the Orb.
     0 | D        | Reached XP level 1. HP: 18/18 MP: 1/1
     3 | D        | Noticed a bag of meat
     3 | D        | Noticed a bag of meat
     3 | D        | Noticed a bag of meat
     3 | D        | Noticed a bag of meat
     4 | D        | Noticed a bag of meat
     6 | D        | Noticed a bag of meat
     6 | D        | Noticed a meat berserker
     6 | D        | Noticed a meat berserker
     6 | D        | Noticed a bag of meat
     7 | D        | Noticed a meat berserker
     7 | D        | Noticed a bag of meat
     7 | D        | Noticed a bag of meat
     7 | D        | Noticed a bag of meat
     7 | D        | Noticed a bag of meat
     7 | D        | Noticed a bag of meat
     7 | D        | Noticed a bag of meat
     8 | D        | Noticed a meat berserker
     8 | D        | Noticed a bag of meat
     8 | D        | Noticed a bag of meat
     9 | D        | Noticed a large bag of meat
     9 | D        | Noticed a bag of meat
    10 | D        | Killed a meat berserker
    10 | D        | Noticed a bag of meat
    10 | D        | Annihilated by a meat berserker

Illustrated notes

Levels and vault maps discovered:
D:        meatsprint

Action                   || total
-------------------------++-------
Melee: Executioner's axe ||     1

Table legend: (Time is in decaauts)
 A = Elapsed time spent in this place.
 B = Non-inter-level travel time spent in this place.
 C = Inter-level travel time spent in this place.
 D = Time resting spent in this place.
 E = Time spent auto-exploring this place.
 F = Levels seen in this place.
 G = Mean time per level.
                   A        B        C        D        E       F      G
               +--------+--------+--------+--------+--------+-----+--------+
         Total |      9 |      9 |      0 |      0 |      0 |   1 |    9.0 |
       Dungeon |      9 |      9 |      0 |      0 |      0 |   1 |    9.0 |
               +--------+--------+--------+--------+--------+-----+--------+

Top non-repeatable levels by time:
       D: 9 daAuts
